 Dungeon Crawl Stone Soup version 0.32-a0-12-g7fc57aa741 (webtiles) character file.

Game seed: 2011897418333338585

40423 cforsyth the Warrior (level 14, 0/249 HPs)
             Began as an Oni Shapeshifter on Jan 14, 2024.
             Was an Elder of Qazlal.
             Slain by a skyshark (13 damage)
             ... on level 5 of the Lair of Beasts.
             The game lasted 00:47:26 (29105 turns).

cforsyth the Warrior (Oni Shapeshifter)            Turns: 29105, Time: 00:47:27

Health: 0/249      AC:  4    Str: 25    XL:     14   Next: 10%
Magic:  14/14      EV: 16    Int: 11    God:    Qazlal [****..]
Gold:   1902       SH:  5    Dex:  8    Spells: 13/13 levels left

rFire   . .          .
                       - Unarmed
rCold   . . .        (shield currently unavailable)
rNeg    . . .        W - +0 troll leather armour
rPois   .            L - +2 hat "Capnoavo" {+Blink}
rElec   .            t - +0 cloak
rCorr   .            (gloves unavailable)
SInv    .            (boots unavailable)
Will    +....        (no amulet) Stlth
                     g - +5 ring of evasion
HPRegen 1.41/turn    x - ring of flight
MPRegen 0.14/turn

%: repel missiles
@: berserking, blade hands, flying, very quick
A: large, unfitting armour, horns 1, tough skin 1, double potion healing,
drunken brawling
a: Begin Untransformation, Renounce Religion, Evoke Blink, Upheaval, Elemental
Force


You were on level 5 of the Lair of Beasts.
You worshipped Qazlal.
Qazlal was greatly pleased with you.
You had blades for hands.
You visited 3 branches of the dungeon, and saw 18 of its levels.
You also visited: Ossuary and Bailey.

You collected 1953 gold pieces.
You spent 51 gold pieces at shops.

Inventory:

Hand Weapons
 A - a +1 rapier of protection
 M - the +2 battleaxe of Youthful Indiscretion {venom, rPois}
   (You took it off an orc warrior in a bailey)

   rPois:     It protects you from poison
Armour
 t - a +0 cloak (worn)
 L - the +2 hat "Capnoavo" (worn) {+Blink}
   (You acquired it in a bailey)

   +Blink:    It lets you blink.
 T - a +1 robe of willpower
 W - a +0 troll leather armour (worn)
Jewellery
 g - a +5 ring of evasion (left blade hand)
 x - a ring of flight (right blade hand)
 E - a ring of protection from cold
 K - a ring of wizardry
 R - a +6 ring of dexterity
 X - a ring of magical power
 Z - a ring of protection from fire
Talismans
 c - a beast talisman
 d - a flux talisman
 C - a blade talisman (active)
Wands
 a - a wand of quicksilver (1)
 h - a wand of paralysis (9)
 z - a wand of flame (18)
 P - a wand of iceblast (9)
Scrolls
 e - 4 scrolls of teleportation
 k - a scroll of blinking
 m - 4 scrolls of silence
 o - 5 scrolls of fog
 p - 2 scrolls of torment {unknown}
 q - a scroll of acquirement
 s - a scroll of vulnerability
 y - 2 scrolls of fear
 B - a scroll of noise
 D - 2 scrolls of poison {unknown}
 F - 2 scrolls of brand weapon {unknown}
 G - 3 scrolls of amnesia
 I - a scroll of enchant armour
 N - 4 scrolls of enchant weapon
 Y - 5 scrolls of identify
Potions
 b - a potion of lignification
 f - 3 potions of haste
 i - 3 potions of magic
 j - a potion of mutation
 l - 2 potions of might
 n - a potion of resistance {unknown}
 r - 2 potions of berserk rage
 u - 3 potions of attraction
 v - 4 potions of invisibility
 w - 4 potions of curing
 H - 4 potions of brilliance
 S - 2 potions of cancellation
Miscellaneous
 O - a phial of floods
 Q - a phantom mirror
 V - a tin of tremorstones (2/2)


   Skills:
 + Level 17.3 Fighting
 + Level 9.5 Dodging
 + Level 10.5 Unarmed Combat
 + Level 12.8 Shapeshifting


You had 13 spell levels left.
You didn't know any spells.
Your spell library contained the following spells:

 Spells                   Type           Power      Damage    Failure   Level
 Foxfire                  Conj/Fire      0%         2x1d4     38%         1
 Freeze                   Ice            0%         1d3       38%         1
 Kiss of Death            Conj/Necr      0%         2d5       38%         1
 Blink                    Tloc           0%         N/A       52%         2
 Ensorcelled Hibernation  Hex/Ice        0%         N/A       52%         2
 Lesser Beckoning         Tloc           0%         N/A       52%         2
 Mercury Vapours          Alch/Air       0%         N/A       52%         2
 Momentum Strike          Conj/Tloc      0%         3d8       52%         2
 Call Canine Familiar     Summ           0%         N/A       77%         3
 Confusing Touch          Hex            0%         N/A       77%         3
 Fugue of the Fallen      Necr           0%         N/A       77%         3
 Mephitic Cloud           Conj/Alch/Air  0%         N/A       77%         3
 Sigil of Binding         Hex            0%         N/A       77%         3
 Anguish                  Hex/Necr       0%         N/A       99%         4
 Dimensional Bullseye     Hex/Tloc       0%         N/A       99%         4
 Dispel Undead            Necr           0%         3d6       99%         4
 Leda's Liquefaction      Alch/Erth      0%         N/A       99%         4
 Vhi's Electric Charge    Tloc/Air       0%         N/A       99%         4
 Arcjolt                  Conj/Air       0%         1d10      100%        5
 Freezing Cloud           Conj/Ice/Air   0%         6-21      100%        5
 Lee's Rapid Deconstruct  Erth           0%         3d4*      100%        5
 Silence                  Hex/Air        0%         N/A       100%        5
 Summon Forest            Summ/Tloc      0%         N/A       100%        5
 Summon Mana Viper        Hex/Summ       0%         N/A       100%        5
 Yara's Violent Unravell  Hex/Alch       0%         3d3       100%        5
 Bombard                  Conj/Erth      0%         9d1       100%        6
 Starburst                Conj/Fire      0%         6d3       100%        6
 Maxwell's Capacitive Co  Air            0%         ∞         100%        8


Dungeon Overview and Level Annotations

Branches:
Dungeon (12/15)            Temple (1/1) D:7            Lair (5/5) D:11
 Shoals (0/4) Lair:2        Snake (0/4) Lair:2        Slime (0/5) Lair:5
    Orc (0/2) D:9         Ossuary (visited)          Bailey (visited)

Altars:
Ashenzari
Cheibriados
Dithmenos
Elyvilon
Fedhas
Gozag
Hepliaklqana
Kikubaaqudgha
Makhleb
Nemelex Xobeh
Okawaru
Qazlal
Ru
Sif Muna
Trog
Uskayaw
Vehumet
Wu Jian
Xom
Yredelemnul
Zin
The Shining One

Shops:
D:4 *(   D:8 *

Portals:
Gauntlet: Lair:5

Annotations:
Lair:1 1 runed translucent door, kairosrom117's ghost, journeyman DrFE


Innate Abilities, Weirdness & Mutations

You have blades for hands.
You are incapable of wielding weapons or throwing items.
You are too large for most types of armour.
You have a pair of small horns on your head.
You have tough skin. (AC +1)
You gain doubled healing and magic from potions.
Whenever you drink a healing potion, you attack all around you.


Message History

* * * LOW HITPOINT WARNING * * *
The skyshark tail-slaps you but does no damage.
The skyshark tail-slaps you.
* * * LOW HITPOINT WARNING * * *
Your blink frog blinks!
An elephant comes into view.
Your blink frog barely misses the skyshark.
The six-headed hydra misses your blink frog.
The six-headed hydra closely misses your blink frog. x2
The six-headed hydra bites your blink frog. x2
The six-headed hydra completely misses your blink frog.
You hit the skyshark. You headbutt the skyshark.
The skyshark is moderately wounded.
The skyshark bites you!!
* * * LOW HITPOINT WARNING * * *
The skyshark misses you. x2
Your blink frog blinks!
Your blink frog barely misses the six-headed hydra.
Your blink frog hits the skyshark!
Your blink frog hits the six-headed hydra!
Your blink frog blinks!
You barely miss the skyshark. Your headbutt misses the skyshark.
The skyshark is heavily wounded.
The skyshark completely misses you. The skyshark tail-slaps you!
* * * LOW HITPOINT WARNING * * *
The skyshark tail-slaps you!
* * * LOW HITPOINT WARNING * * *
Your blink frog hits the six-headed hydra!
The six-headed hydra completely misses your blink frog.
The six-headed hydra misses your blink frog.
The six-headed hydra bites your blink frog.
The six-headed hydra bites your blink frog! x2
The six-headed hydra bites your blink frog.
Your blink frog dies!
Your blink frog's corpse dissolves into shadows!
Your blink frog hits the skyshark but does no damage.
You shred the skyshark!!! Your headbutt misses the skyshark.
The skyshark is almost dead.
The skyshark is no longer berserk.
The skyshark bites you!
You die...

**,,,..........<#.##....,,,,,,
*,,,......§.....###.∩..,,,,,,
*,,,.......F.....###...,,,,,,
**,,............###....,,,,,,
*,,........§....####..,,,,,,
*,,........D....#####.,,,,,,
**,......○°.°☼..#####.,,,,,,
*,.......FF.)#.######*,,,,,
*,......°.@§○########,,,*,, ***
**,...........#** **,,,*,
**,***,,...Y..§....#,******,,,*,,
*,,,,,,,.#......#....,**,*,,,,,,,
*,,,,,,,,#.....#.#.#..,,,,,,,,>,,
**,,,,,,#....##*#*.#..#,,,*,,,,,,
*,,,,,,#.##.,* *##*##,,,,,,,,,,
***,,,,***#*** ***,,,,,,,,
**,,*,*,* *,,,,,,,,


You could see a skyshark (slow, ally target), a six-headed hydra, an elephant
and 2 friendly blink frogs.

Vanquished Creatures
  Nessos (Lair:3)
  A hydra (Lair:3)
  3 two-headed ogres
  An orc high priest (Bailey)
  Erica (D:8)
  An orc sorcerer (Bailey)
  A deep elf pyromancer (D:12)
  An ugly thing (D:12)
  9 elephants
  Maurice (D:7)
  7 black mambas
  A torpor snail (Lair:4)
  7 komodo dragons
  6 cane toads
  Jeremiah (Temple)
  2 rime drakes
  3 polar bears
  4 trolls
  7 blink frogs
  2 dream sheep (Lair:4)
  A snapping turtle (Lair:2)
  Sigmund (D:4)
  A shadow (D:9)
  2 wraiths
  A water elemental (Lair:2)
  A vampire (D:11)
  4 wyverns
  59 yaks
  3 vampire mosquitoes (D:10)
  5 basilisks
  3 steam dragons
  Menkaure (D:7)
  2 acid dragons
  3 nagas (Lair:2)
  13 water moccasins
  Duvessa (D:4)
  An ice beast (D:6)
  16 orc warriors
  3 sky beasts
  4 black bears
  4 centaurs
  2 boggarts (D:9)
  6 wolves
  2 ogres
  2 phantoms (D:5)
  2 kobold brigands
  11 bullfrogs
  A gnoll sergeant (D:9)
  4 scorpions
  9 wights
  Dowan (D:4)
  4 killer bees
  7 howler monkeys
  9 electric eels
  A bombardier beetle (D:4)
  4 jellies
  2 hounds
  2 bullfrog zombies (Ossuary)
  A gnoll bouda (D:7)
  4 orc priests
  Crazy Yiuf (D:3)
  4 iguanas
  6 orc wizards
  A killer bee zombie (Ossuary)
  3 crocodile zombies (Ossuary)
  4 hound zombies (Ossuary)
  4 howler monkey zombies (Ossuary)
  7 mummies
  14 gnolls
  7 adders
  A shadow imp (D:5)
  2 white imps (D:6)
  4 ufetubi
  2 dart slugs (D:1)
  A ribbon worm (D:2)
  35 orcs
  5 ball pythons
  6 bats
  2 endoplasms
  2 giant cockroaches
  13 goblins
  12 hobgoblins
  6 quokkas
  6 ball python zombies (Ossuary)
  A hobgoblin zombie (D:4)
  19 kobolds
  An orc zombie (D:4)
  5 rats
  A spectral orc (D:6)
438 creatures vanquished.

Vanquished Creatures (collateral kills)
  A hydra (Lair:1)
1 creature vanquished.

Vanquished Creatures (others)
  A shadow imp (D:7)
1 creature vanquished.

Grand Total: 440 creatures vanquished

Notes
Turn   | Place    | Note
-------+----------+-------------------------------------------
     0 | D:1      | cforsyth the Oni Shapeshifter began the quest for the Orb.
     0 | D:1      | Reached XP level 1. HP: 19/19 MP: 1/1
     3 | D:1      | Noticed an electric eel
     4 | D:1      | Noticed an electric eel
   113 | D:1      | Found a faded altar of an unknown god.
   118 | D:1      | Got Plato's Octavo of the Crevasse
   210 | D:1      | Reached skill level 2 in Fighting
   210 | D:1      | Reached XP level 2. HP: 24/28 MP: 2/2
   464 | D:1      | Got the Tome of Angles and Violence
   641 | D:1      | You fall into a shaft and drop 1 floor!
   772 | D:1      | Reached XP level 3. HP: 36/36 MP: 3/3
  1848 | D:2      | Reached skill level 3 in Fighting
  2191 | D:3      | Reached XP level 4. HP: 39/45 MP: 4/4
  2519 | D:3      | Found a runed translucent door.
  2520 | D:3      | Noticed Crazy Yiuf
  2569 | D:4      | Noticed Duvessa
  2569 | D:4      | Noticed Dowan
  2604 | D:4      | Found a sand-covered staircase.
  2611 | Ossuary  | Entered an ossuary
  2635 | Ossuary  | Reached XP level 5. HP: 10/54 MP: 5/5
  2654 | Ossuary  | Reached skill level 4 in Fighting
  2891 | Ossuary  | Reached XP level 6. HP: 61/63 MP: 6/6
  3150 | Ossuary  | Reached skill level 5 in Fighting
  3309 | Ossuary  | Reached XP level 7. HP: 63/72 MP: 7/7
  3528 | D:4      | Killed Duvessa
  3652 | D:4      | Reached skill level 5 in Shapeshifting
  3807 | D:4      | Noticed Sigmund
  3826 | D:4      | Killed Sigmund
  3827 | D:4      | Reached skill level 6 in Fighting
  3895 | D:4      | Found Nysuxze's Antique Weapon Emporium.
  4169 | D:4      | Killed Dowan
  4170 | D:4      | Reached skill level 7 in Fighting
  4170 | D:4      | Reached XP level 8. HP: 65/87 MP: 8/8
  4463 | D:4      | Found a blossoming altar of Fedhas.
  4503 | D:4      | Reached skill level 8 in Fighting
  4802 | D:4      | Found Dylono's General Store.
  5110 | D:5      | Entered Level 5 of the Dungeon
  5280 | D:5      | Reached skill level 9 in Fighting
  5721 | D:5      | Reached XP level 9. HP: 95/100 MP: 9/9
  6033 | D:5      | Reached skill level 10 in Fighting
  6095 | D:5      | Found a white marble altar of Elyvilon.
  6584 | D:6      | Found a broken altar of Ashenzari.
  6584 | D:6      | Found a glowing silver altar of Zin.
  7099 | D:6      | Identified the +1 mace of Debt {flame, rPois}
  7152 | D:6      | Reached skill level 11 in Fighting
  7715 | D:6      | Found a hazy altar of Hepliaklqana.
  8063 | D:7      | Found an ancient bone altar of Kikubaaqudgha.
  8063 | D:7      | Noticed Menkaure
  8068 | D:7      | Killed Menkaure
  8069 | D:7      | Reached skill level 12 in Fighting
  8069 | D:7      | Reached XP level 10. HP: 61/115 MP: 10/10
  8394 | D:7      | Found a staircase to the Ecumenical Temple.
  8419 | Temple   | Entered the Ecumenical Temple
  8437 | Temple   | Became a worshipper of Qazlal Stormbringer
  8457 | D:7      | Noticed Maurice
  8474 | D:7      | Reached skill level 5 in Unarmed Combat
  8689 | D:7      | Maurice stole a ring of magical power
  8690 | D:7      | Maurice stole a beast talisman
  8696 | D:7      | Maurice stole a throwing net
  8699 | D:7      | Maurice stole 312 gold
  8701 | D:7      | Killed Maurice
  8841 | D:7      | Noticed Jeremiah
 10091 | Temple   | Killed Jeremiah
 10933 | D:7      | Found a radiant altar of Vehumet.
 11169 | D:8      | Found Muuminog's Assorted Antiques.
 11178 | D:8      | Bought a scroll labelled PYSUZE LUYNE for 17 gold pieces
 11178 | D:8      | Bought a scroll of identify for 34 gold pieces
 11203 | D:8      | Noticed Erica
 11217 | D:7      | HP: 4/82 [poisoned by Erica (bolt of poison)]
 11732 | D:8      | Found a snail-covered altar of Cheibriados.
 11960 | D:8      | Killed Erica
 12758 | D:8      | Reached skill level 13 in Fighting
 13302 | D:8      | Reached XP level 11. HP: 102/127 MP: 11/11
 13391 | D:8      | Reached skill level 10 in Shapeshifting
 13880 | D:8      | Found Muuminog's Assorted Antiques.
 14467 | D:3      | Killed Crazy Yiuf
 14709 | D:9      | Reached skill level 5 in Dodging
 14781 | D:9      | Found a flagged portal.
 14790 | Bailey   | Entered a bailey
 15292 | Bailey   | Noticed an orc sorcerer
 15417 | Bailey   | Reached * piety under Qazlal
 15505 | Bailey   | Noticed a sixfirhy
 15791 | Bailey   | Killed an orc sorcerer
 16529 | Bailey   | Identified the +2 battleaxe of Youthful Indiscretion
                  | {venom, rPois}
 16544 | Bailey   | Reached skill level 14 in Fighting
 16578 | Bailey   | Found an iron altar of Okawaru.
 16584 | Bailey   | Noticed an orc high priest
 16897 | Bailey   | Killed an orc high priest
 17840 | D:9      | Found a staircase to the Orcish Mines.
 18314 | D:9      | Noticed a two-headed ogre
 18316 | D:9      | Noticed a two-headed ogre
 18329 | D:9      | Killed a two-headed ogre
 18338 | D:9      | Killed a two-headed ogre
 18571 | D:10     | Entered Level 10 of the Dungeon
 18704 | D:9      | Reached XP level 12. HP: 129/140 MP: 12/12
 18872 | D:10     | Reached ** piety under Qazlal
 19577 | D:10     | Found a sacrificial altar of Ru.
 19741 | D:10     | Identified the staff of Patience {Fly Stlth+ Earth}
 20398 | D:11     | Reached skill level 15 in Fighting
 20439 | D:11     | Got the Lectures on Anathema
 20453 | D:11     | Noticed a boulder beetle
 20797 | D:11     | Noticed a two-headed ogre
 20834 | D:10     | Killed a two-headed ogre
 21647 | D:11     | Found a staircase to the Lair.
 22587 | D:12     | Noticed a boulder beetle
 22615 | Lair:1   | Entered Level 1 of the Lair of Beasts
 23384 | D:11     | Reached *** piety under Qazlal
 23658 | Lair:1   | Reached XP level 13. HP: 142/152 MP: 13/13
 23851 | Lair:1   | Reached skill level 16 in Fighting
 24757 | Lair:1   | Noticed kairosrom117's ghost (journeyman DrFE)
 24758 | Lair:1   | Found a runed translucent door.
 26213 | Lair:2   | Acquired the +2 hat "Capnoavo" {+Blink}
 26701 | Lair:2   | Found a staircase to the Shoals.
 26936 | Lair:2   | Found a staircase to the Snake Pit.
 26943 | Lair:2   | Reached **** piety under Qazlal
 27187 | Lair:3   | Reached skill level 10 in Unarmed Combat
 27350 | Lair:3   | Noticed Nessos
 27374 | Lair:3   | Killed Nessos
 27735 | Lair:3   | Reached skill level 17 in Fighting
 28498 | Lair:4   | Reached XP level 14. HP: 166/166 MP: 14/14
 28530 | Lair:4   | Acquired 1044 gold pieces
 29080 | Lair:5   | Entered Level 5 of the Lair of Beasts
 29081 | Lair:5   | Found a gate leading to a gauntlet.
 29104 | Lair:5   | HP: 12/249 [skyshark (7)]
 29105 | Lair:5   | Slain by a skyshark

Illustrated notes

Levels and vault maps discovered:
D:1:      arrival_aquarium_b, layout_basic, shapermc_ecumenical_altar_rom_forum
D:2:      layout_basic, small_statue_intersection, nicolae_titane
D:3:      layout_rooms, uniq_crazy_yiuf_cottage
D:4:      layout_basic, mainiacjoe_overflow_small_starburst, serial_shops,
          nicolae_shop_behind_doors, nicolae_shop_dealshenge,
          nicolae_ossuary_entry_giza, uniq_duvessa, uniq_sigmund
D:5:      layout_loops_corners, general_overflow_altar
D:6:      layout_loops_corners, nicolae_hepliaklqana_monster_ancestors,
          minitemple
D:7:      kennysheep_steamy, layout_loops_ring, mainiacjoe_overflow_alcove_4,
          lemuel_coloured_pillars_altar, minmay_temple_entry_offerings,
          uniq_maurice, uniq_menkaure, uniq_jeremiah
D:8:      layout_loops_cross, nicolae_overflow_crystal_walls, serial_shops,
          shop, uniq_erica
D:9:      layout_loops_ring, david_orc_2, enter_bailey_8,
          chequers_serial_rivers_room_b, grunt_ministairs_15,
          nicolae_phantomly_mirrored
D:10:     layout_stronghold, kennysheep_little_box
D:11:     layout_stronghold, grunt_lair_entry_orc_guard_hut,
          minmay_misc_feat_rows
D:12:     layout_basic, uniq_erolcha
Temple:   nicolae_temple_god_jail
Lair:1:   layout_long_grid, ebering_ghost_inner_flame, serial_bayou_shore_a,
          grunt_megastairs_1
Lair:2:   layout_hall_layers, minmay_shoals_entry_hut,
          nicolae_snake_entry_squirm, st_stairs_3, grunt_megastairs_3
Lair:3:   layout_loops_ring, columned_hall_lemuel,
          nicolae_lair_grove_arrangements, serial_bayou_lagoon_b, uniq_nessos
Lair:4:   layout_cave_pods, infiniplex_staircase_pool_2, grunt_megastairs_4,
          serial_bayou_shore_b
Lair:5:   due_jungle_book, layout_cave_pods, nicolae_slime_entry_field_trip,
          gauntlet_entry_generic, lemuel_old_faithful

Skill      XL: |  1  2  3  4  5  6  7  8  9 10 11 12 13 |
---------------+----------------------------------------+-----
Fighting       | 2 3 4 5 7 9 12 13 14 15 17 | 17.3
Unarmed Combat | 3 4 6 7 9 10 | 10.5
Shapeshifting  | 4 5 7 9 10 11 12 | 12.8
Dodging        | 4 6 7 9 |  9.5

Action                     |  1- 3 |  4- 6 |  7- 9 | 10-12 | 13-15 || total
---------------------------+-------+-------+-------+-------+-------++-------
  Melee: Unarmed           |    88 |   149 |    20 |   311 |   290 ||   858
         Headbutt          |    11 |    34 |    95 |   252 |    50 ||   442
         Punch             |     1 |     5 |    10 |    49 |    14 ||    79
         Rapier            |       |       |   350 |   674 |       ||  1024
  Evoke: Wand              |       |       |     9 |    39 |    16 ||    64
         Phantom mirror    |       |       |       |       |     1 ||     1
    Use: Scroll            |       |     2 |    12 |     6 |     5 ||    25
         Potion            |       |     2 |     4 |     6 |     2 ||    14
   Stab: Paralysed         |       |       |       |    12 |       ||    12
 Armour: Animal skin       |    48 |    41 |   233 |    85 |       ||   407
         Steam dragon scal |       |       |       |   576 |    94 ||   670
         Skin              |       |       |       |    35 |       ||    35
         Troll leather arm |       |       |       |       |   111 ||   111
  Dodge: Dodged            |    31 |    61 |   259 |   677 |   226 ||  1254
         Repelled          |       |       |       |       |     2 ||     2
  Block: Other             |       |       |       |    39 |    49 ||    88
   Form: Blade             |       |       |       |       |     1 ||     1

Table legend: (Time is in decaauts)
 A = Elapsed time spent in this place.
 B = Non-inter-level travel time spent in this place.
 C = Inter-level travel time spent in this place.
 D = Time resting spent in this place.
 E = Time spent auto-exploring this place.
 F = Levels seen in this place.
 G = Mean time per level.
                   A        B        C        D        E       F      G
               +--------+--------+--------+--------+--------+-----+--------+
         Total |  29247 |  28253 |    994 |   7394 |  16117 |  20 | 1462.3 |
       Dungeon |  19839 |  18950 |    889 |   4480 |  11379 |  12 | 1653.2 |
        Temple |    399 |    386 |     13 |    341 |      0 |   1 |  399.0 |
          Lair |   5679 |   5589 |     90 |   1314 |   3459 |   5 | 1135.8 |
       Ossuary |    775 |    775 |      0 |    167 |    389 |   1 |  775.0 |
        Bailey |   2554 |   2554 |      0 |   1092 |    890 |   1 | 2554.0 |
               +--------+--------+--------+--------+--------+-----+--------+

Top non-repeatable levels by time:
     D:8: 3362 daAuts
     D:7: 2800 daAuts
  Bailey: 2554 daAuts
  Lair:1: 2517 daAuts
     D:9: 2144 daAuts
    D:11: 1978 daAuts
     D:4: 1879 daAuts
     D:6: 1707 daAuts
    D:10: 1518 daAuts
     D:2: 1268 daAuts
     D:5: 1174 daAuts
  Lair:3: 1154 daAuts
  Lair:2: 1128 daAuts
  Lair:4: 855 daAuts
     D:1: 787 daAuts
